 Dungeon Crawl Stone Soup version 0.23-a0-494-g91793a9 (webtiles) character file.

70 CanOfBees the Gusty (level 3, -11/26 HPs)
             Began as a Demigod Air Elementalist on Dec 3, 2018.
             Killed from afar by Ijyb (18 damage)
             ... with a wand of acid (5)
             ... on level 2 of the Dungeon on Dec 4, 2018.
             The game lasted 00:06:01 (2781 turns).

CanOfBees the Gusty (Demigod Air Elementalist)      Turns: 2781, Time: 00:06:01

Health: -11/26     AC:  0    Str: 11    XL:     3   Next: 77%
Magic:  9/9        EV: 12    Int: 21    God:
Gold:   128        SH:  0    Dex: 16    Spells: 3/6 levels left

rFire    . . .     SeeInvis .   r - +2 long sword (vamp)
rCold    . . .     Gourm    .   (no shield)
rNeg     . . .     Faith    .   a - +0 robe
rPois    .         Spirit   .   o - +0 helmet
rElec    .         Reflect  .   (no cloak)
rCorr    .         Harm     .   p - +0 pair of gloves
MR       +....                  (no boots)
Stlth    ++........             (no amulet)
HPRegen  0.08/turn              g - ring of protection from magic
MPRegen  0.11/turn              (no ring)

@: corroded, flying
A: high mp 1
a: no special abilities


You were on level 2 of the Dungeon.
You were not hungry.

You visited 1 branch of the dungeon, and saw 3 of its levels.

You collected 128 gold pieces.

Inventory:

Hand Weapons
 f - a +0 spear
 r - a +2 vampiric long sword (weapon)
Missiles
 d - 54 stones (quivered)
 e - 21 arrows
 n - 16 poisoned needles
 q - 3 javelins of penetration
Armour
 a - a +0 robe (worn)
 h - a +0 ring mail
 o - a +0 helmet (worn)
 p - a +0 pair of gloves (worn)
Jewellery
 g - a ring of protection from magic (left hand)
Scrolls
 b - a scroll of identify {unknown}
 i - 2 scrolls of fear
 l - a scroll of remove curse {unknown}
Potions
 j - 3 potions of ambrosia
 m - a potion of haste {unknown}
 s - a potion of lignification {unknown}
 u - a potion of curing {unknown}
Comestibles
 c - 4 rations
 t - 2 chunks of flesh


   Skills:
 - Level 1.7 Dodging
 - Level 1.7 Stealth
 + Level 2.3 Spellcasting
 + Level 1.8 Conjurations
 + Level 0.0 Charms
 + Level 3.6 Air Magic


You had 3 spell levels left.
You knew the following spells:

 Your Spells              Type           Power        Failure   Level  Hunger
a - Shock                 Conj/Air       ##..         4%          1    None
b - Swiftness             Chrm/Air       ##......     10%         2    ##.....

Your spell library contained the following spells:

 Spells                   Type           Power        Failure   Level  Hunger
 Static Discharge         Conj/Air       ##......     14%         3    ###....
 Airstrike                Air            ###.......   30%         4    ####...
 Lightning Bolt           Conj/Air       ##........   77%         5    ######.


Dungeon Overview and Level Annotations

Branches:
Dungeon (3/15)

Annotations:
D:2 Ijyb


Innate Abilities, Weirdness & Mutations

You have an increased reservoir of magic. (+10% MP)


Message History

You climb downwards.
Level annotation: Ijyb Ijyb zaps a wand.
The bolt of acid hits you! The acid corrodes you!
You are splashed with acid!
The acid burns!
There is a stone staircase leading up here.
Ijyb hits you but does no damage.
You climb upwards.
There is a stone staircase leading down here.
It was a potion of flight.
You feel very buoyant.
You fly up into the air.
You no longer feel sluggish.
Ijyb hits you with a +0 dagger.
* * * LOW HITPOINT WARNING * * *
Okay, then.
You barely miss Ijyb.
Ijyb screams, "It's all mine!"
Ijyb zaps a wand.
The bolt of acid hits you!
Ouch! That really hurt!
You die...

.÷....# #...#.######..........
......# #.#.#.# #..........
......### #.#.#.# ##'########
........# ##.#...# #.......##
........# #...#..# #.........
###.....# #...#..#### #.........
#.....# #...#.....##########...
#.....# #...#.)...##...........
#########.....@g..............#
#.÷......##..................
#####)#########.................#
#.........# ##.########.#......
#.........# #.##.......#.#..##
#.........# #.##.......#.#..#
#.........# #.##.......#.#..##
#.........# #.##.......#.#....
#.........# #.##.......#.##.##


You could see Ijyb.

Vanquished Creatures
  2 adders (D:2)
  3 worms (D:2)
  2 leopard geckos (D:2)
  2 ball pythons
  5 bats
  A giant cockroach (D:2)
  6 goblins
  4 hobgoblins
  2 jackals (D:2)
  4 frilled lizards
  6 kobolds
  3 rats
40 creatures vanquished.

Notes
Turn   | Place    | Note
-------+----------+-------------------------------------------
     0 | D:1      | CanOfBees the Demigod Air Elementalist began the quest for
                  | the Orb.
     0 | D:1      | Reached XP level 1. HP: 14/14 MP: 5/5
    59 | D:1      | Reached skill level 1 in Conjurations
   293 | D:1      | Reached skill level 3 in Air Magic
   672 | D:2      | Reached XP level 2. HP: 20/20 MP: 1/7
  1280 | D:2      | Reached XP level 3. HP: 26/26 MP: 4/8
  2684 | D:3      | Learned a level 2 spell: Swiftness
  2741 | D:3      | Noticed Ijyb
  2781 | D:2      | Killed from afar by Ijyb

Vault maps used:
D:1:      psy_arrival_fountain
D:3:      minmay_thinvault, first_ration, uniq_ijyb, uniq_crazy_yiuf_cottage

Skill      XL: |  1  2 |
---------------+-------+-----
Conjurations   | 1 |  1.8
Air Magic      | 3 |  3.6
Spellcasting   | 2 |  2.3
Dodging        | |  1.7
Stealth        | |  1.7

Action                   || total
-------------------------++-------
Melee: Spear             ||     9
       Long sword        ||    10
 Cast: Shock             ||    81
       Swiftness         ||     1
  Use: Potion            ||     2
       Scroll            ||     1
  Eat: Chunk             ||     4
       Ration            ||     2
Armor: Robe              ||     7
Dodge: Dodged            ||    15
       Rpst.: Long sword ||     2

Table legend:
 A = Non-vault XP
 B = Vault XP
 C = Vault XP percentage of total XP
 D = Non-vault monster count
 E = Vault monster count
 F = Vault count percentage of total count
                 A         B        C        D         E       F
            +---------+---------+-------+---------+---------+-------
      Total |     101 |       0 |   0.0 |      40 |       0 |   0.0
            +---------+---------+-------+---------+---------+-------
        D:1 |      12 |       0 |   0.0 |       9 |       0 |   0.0
        D:2 |      79 |       0 |   0.0 |      25 |       0 |   0.0
        D:3 |      10 |       0 |   0.0 |       6 |       0 |   0.0
            +---------+---------+-------+---------+---------+-------
